 Dungeon Crawl Stone Soup version 0.31.0-12-g77e489cdc1 (webtiles) character file.

Game seed: 1595084380742423336

34102 NotreDorf the Toxicologist (level 13, -1/62 (79) HPs)
             Began as a Merfolk Alchemist on Mar 2, 2024.
             Was an Initiate of Yredelemnul.
             Slain by a vampire mosquito (4 damage)
             ... on level 14 of the Dungeon.
             The game lasted 02:15:02 (13919 turns).

NotreDorf the Toxicologist (Merfolk Alchemist)     Turns: 13919, Time: 02:15:03

HP:   -1/62 (79)    AC: 13    Str:  8    XL:     13   Next: 75%
MP:   33/36         EV: 16    Int: 20    God:    Yredelemnul [......]
Gold: 479           SH: 12    Dex: 14    Spells: 18/32 levels left

rFire   + . .        w - +4 trident
rCold   + . .        q - +2 kite shield {AC+3}
rNeg    + . .        a - +2 robe "Bakhour" {rF+ rC+ rN+ Regen+}
rPois   +            G - +2 hat {Stlth+}
rElec   +            L - +0 cloak
rCorr   .            h - +2 pair of gloves
SInv    .            (no boots)
Will    .....        (no amulet)
Stlth   +++++        f - ring of poison resistance
HPRegen 1.10/turn    o - ring "Niskoil" {rElec MP+9}
MPRegen 0.25/turn

%: no passive effects
@: heavily drained
A: (nimble swimmer 2), mertail
a: Renounce Religion, Recall Undead Harvest


You were on level 14 of the Dungeon.
You worshipped Yredelemnul.
Yredelemnul was noncommittal.
You visited 2 branches of the dungeon, and saw 15 of its levels.
You also visited: Sewer and Ossuary.

You collected 956 gold pieces.
You spent 477 gold pieces at shops.

Inventory:

Hand Weapons
 c - the +5 mace of the Scorpion {flame, rC+}
   (You found it on level 5 of the Dungeon)

   rC+:       It protects you from cold.
 u - the +6 dagger of Ulu Ruegra {protect, ^Drain rElec rN+}
   (You took it off a deep elf pyromancer on level 13 of the Dungeon)

   rElec:     It insulates you from electricity.
   rN+:       It protects you from negative energy.
   ^Drain:    It drains your maximum health when unequipped.
 w - a +4 trident (weapon)
 K - the +5 glaive "Izamp" {spect, rCorr Str-5 Dex+6 SInv}
   (You bought it in a shop on level 13 of the Dungeon)

   Str-5:     It affects your strength (-5).
   Dex+6:     It affects your dexterity (+6).
   SInv:      It lets you see invisible.
   rCorr:     It protects you from acid and corrosion.
Missiles
 m - 3 throwing nets
Armour
 a - the +2 robe "Bakhour" (worn) {rF+ rC+ rN+ Regen+}
   (You found it on level 5 of the Dungeon)

   rF+:       It protects you from fire.
   rC+:       It protects you from cold.
   rN+:       It protects you from negative energy.
   Regen+:    It increases your rate of health regeneration.
 h - a +2 pair of gloves (worn)
 q - a +2 kite shield of protection (worn)
 A - the +3 leather armour of Negation {Rampage rF+ Regen+}
   (You took it off a gnoll on level 12 of the Dungeon)

   rF+:       It protects you from fire.
   Regen+:    It increases your rate of health regeneration.
   Rampage:   It bestows one free step when moving towards enemies.
 G - a +2 hat of stealth (worn)
 L - a +0 cloak (worn)
Magical Staves
 H - the staff "Kirustis" {*Corrode rPois rF++ rN+ Will+ Necro}
   (You found it on level 13 of the Dungeon)

   [staff of death]

   Base accuracy: +5 Base damage: 5 Base attack delay: 1.2 This weapon's minimum
   attack delay (0.6) is reached at skill level 12.
   rF++:      It greatly protects you from fire.
   rPois:     It protects you from poison rN+: It protects you from negative
   energy.
   Will+:     It increases your willpower.
   *Corrode:  It may corrode you when you take damage.
   Necro:     It increases the power of your Necromancy spells.
   It falls into the 'Staves' category.
   It is a one-handed weapon.
Jewellery
 f - a ring of poison resistance (left hand)
 g - a ring of flight
 o - the ring "Niskoil" (right hand) {rElec MP+9}
   (You found it on level 4 of the Dungeon)

   [ring of magical power]

   rElec:     It insulates you from electricity.
   MP+9:      It affects your magic capacity (+9).
 z - a ring of resist corrosion
Wands
 j - a wand of digging (10)
 k - a wand of quicksilver (10)
 p - a wand of mindburst (16)
 r - a wand of iceblast (6)
Scrolls
 x - 2 scrolls of identify
 I - a scroll of fog
Potions
 b - 5 potions of magic
 e - 8 potions of curing
 i - 3 potions of brilliance
 s - 2 potions of berserk rage
 t - 2 potions of might
 v - a potion of invisibility
 B - 2 potions of ambrosia
 E - a potion of cancellation


   Skills:
 - Level 4.1 Short Blades
 + Level 12.7 Polearms
 + Level 13.7 Dodging
 - Level 9.0 Stealth
 + Level 7.6 Shields
 + Level 10.0 Spellcasting
 - Level 0.7 Conjurations
 + Level 14.1 Alchemy


You had 18 spell levels left.
You knew the following spells:

 Your Spells              Type           Power      Damage    Failure   Level
a - Sting                 Conj/Alch      100%       1d9       1%          1
b - Mercury Vapours       Alch/Air       76%        N/A       2%          2
c - Mephitic Cloud        Conj/Alch/Air  29%        N/A       11%         3
d - Olgreb's Toxic Radia  Alch           61%        N/A       1%          4
e - Sticky Flame          Fire/Alch      38%        2d8       16%         4

Your spell library contained the following spells:

 Spells                   Type           Power      Damage    Failure   Level
 Shock                    Conj/Air       44%        1d5       24%         1
 Lesser Beckoning         Tloc           20%        N/A       38%         2
 Stone Arrow              Conj/Erth      22%        3d8       58%         3
 Gell's Gravitas          Tloc           10%        N/A       63%         3
 Swiftness                Air            10%        N/A       63%         3
 Teleport Other           Tloc           10%        N/A       63%         3
 Airstrike                Air            5%         2d(1-17)  95%         4
 Animate Armour           Summ/Erth      20%        N/A       95%         4
 Summon Lightning Spire   Summ/Air       10%        N/A       95%         4
 Lee's Rapid Deconstruct  Erth           5%         3d6*      100%        5
 Lehudib's Crystal Spear  Conj/Erth      5%         10d3      100%        8


Dungeon Overview and Level Annotations

Branches:
Dungeon (14/15)            Temple (1/1) D:4            Lair (0/5) D:11
    Orc (0/2) D:12          Sewer (visited)         Ossuary (visited)
 Vaults: D:13-14

Altars:
Ashenzari
Cheibriados
Dithmenos
Elyvilon
Fedhas
Gozag
Hepliaklqana
Kikubaaqudgha
Makhleb
Nemelex Xobeh
Okawaru
Qazlal
Ru
Sif Muna
Trog
Uskayaw
Vehumet
Wu Jian
Xom
Yredelemnul
Zin
The Shining One

Shops:
D:8 !   D:13 (

Annotations:
D:5 2 runed translucent doors
D:9 1 transporter
D:11 3 runed translucent doors, jimmypageman's ghost, journeyman MiFi
D:14 Jorgrun


Innate Abilities, Weirdness & Mutations

((You are very nimble when in or above water. (Stealth+, EV+, Speed+++)))
Your lower body shifts to a powerful aquatic tail in water.


Message History

The basilisk bites you!
The centaur warrior shoots an arrow.
You block the arrow.
The vampire mosquito buzzes angrily.
You hit the basilisk.
The basilisk is moderately wounded.
A vampire mosquito comes into view.
You block the vampire mosquito's attack.
The basilisk is engulfed in noxious fumes.
The basilisk misses you.
You block the vampire mosquito's attack.
You barely miss the basilisk.
The basilisk is moderately wounded.
The vampire mosquito bites you but does no damage.
The centaur warrior shoots an arrow.
You block the arrow.
The basilisk is engulfed in noxious fumes.
The basilisk misses you.
Unknown command.
You puncture the basilisk!
The basilisk is heavily wounded.
The vampire mosquito bites you.
The centaur warrior shoots an arrow.
You block the arrow. The vampire mosquito barely misses you.
The centaur warrior shoots an arrow.
The arrow hits you!!
* * * LOW HITPOINT WARNING * * *
The basilisk is engulfed in noxious fumes.
The basilisk appears confused.
Found 18 gold pieces.
Found a stone staircase leading down.
You block the vampire mosquito's attack. x2
The vampire mosquito bites you but does no damage.
You block the vampire mosquito's attack.
The vampire mosquito completely misses you.
The vampire mosquito bites you!
* * * LOW HITPOINT WARNING * * *
The vampire mosquito draws strength from your injuries!
The basilisk is engulfed in noxious fumes.
The basilisk appears confused.
You block the vampire mosquito's attack.
The vampire mosquito attacks as it pursues you!
The vampire mosquito bites you.
You die...
Your body rises from the dead as a mindless zombie.

#.##...... #c..#...#
#......# .## #...<.>#
...######....$.#####
..........°p.......#
#...##....l°[......
#......yy°.....>#
########....yy@......#
#......#..............
#.......$...........$.
#..................#..
###........#...###.# .
##.##.#......... ...
###..##........##. .##
#...####........ .
#...# #.....##


You could see a centaur warrior, an arcanist (confused), a basilisk (confused)
and 4 vampire mosquitoes.

Vanquished Creatures
  4 hydras (D:13)
  Erica (D:9)
  A boulder beetle (D:13)
  A death knight (D:13)
  4 two-headed ogres
  A tengu warrior (D:8)
  Pikel (D:6)
  2 manticores
  An ugly thing (D:13)
  3 cyclopes
  2 kobold demonologists
  An unseen horror (D:10)
  A tengu conjurer (D:14)
  A komodo dragon (D:11)
  4 trolls
  A hornet (D:9)
  4 slime creatures (D:12)
  3 shadows (D:12)
  A vampire (D:12)
  A wyvern (D:8)
  Eustachio (D:6)
  A steam dragon (D:4)
  14 yaks
  4 vampire mosquitoes
  An acid dragon (D:10)
  2 orc warriors
  Pargi (Sewer)
  2 ice beasts
  A sky beast (D:7)
  3 black bears
  2 ogres
  2 wolves (D:11)
  A kobold brigand (D:6)
  6 centaurs
  A phantom (D:5)
  A weeping skull (Ossuary)
  2 bullfrogs (D:8)
  3 scorpions
  A brain worm (Sewer)
  A cyclops zombie (D:14)
  9 water moccasin zombies (Ossuary)
  6 wights
  Dowan (D:6)
  2 troll zombies
  10 electric eels (D:10)
  4 howler monkeys
  A jelly (D:5)
  4 bombardier beetles
  5 orc priests
  2 gnoll boudas (D:8)
  5 hounds
  7 iguanas
  A sleepcap (D:6)
  6 orc wizards
  3 crocodile zombies (Ossuary)
  3 ogre zombies (D:12)
  A boggart simulacrum (D:12)
  3 mummies
  Robin (D:3)
  13 gnolls
  4 adders
  A white imp (D:8)
  2 ufetubi (D:6)
  2 adder zombies (Ossuary)
  2 dart slugs (D:3)
  A ribbon worm (D:2)
  17 orcs
  10 ball pythons
  3 endoplasms (D:1)
  5 giant cockroaches
  13 gnoll zombies
  21 goblins
  7 hobgoblins
  2 jackals (D:2)
  7 quokkas
  5 bats
  8 frilled lizards
  A gnoll skeleton (D:12)
  4 jackal zombies (Ossuary)
  14 kobolds
  An orc skeleton (D:12)
  15 orc zombies
  4 rats (D:1)
324 creatures vanquished.

Vanquished Creatures (collateral kills)
  Gastronok (D:9)
  Harold (D:11)
  A centaur warrior (D:13)
  2 two-headed ogres
  An arcanist (D:13)
  Amaemon (D:11)
  An ugly thing (D:13)
  2 deep elf pyromancers (D:13)
  2 cyclopes
  2 manticores (D:13)
  An orange demon (D:11)
  Maggie (D:9)
  A freezing wraith (D:13)
  A tengu conjurer (D:13)
  3 trolls
  4 slime creatures
  2 wraiths
  A vampire (D:12)
  9 yaks
  2 vampire mosquitoes (D:11)
  A water moccasin (D:5)
  An orc warrior (D:11)
  A black bear (D:6)
  A centaur (D:8)
  A kobold brigand (D:10)
  A bullfrog (D:8)
  A scorpion (D:6)
  2 gnoll sergeants
  5 wights
  6 killer bees
  2 howler monkeys
  4 orc wizards
  2 ogre zombies (D:12)
  2 gnolls
  3 orcs
  A goblin (D:7)
  4 kobolds (D:10)
  A gnoll skeleton (D:12)
  A gnoll zombie (D:12)
  An orc skeleton (D:12)
  2 orc zombies (D:12)
82 creatures vanquished.

Vanquished Creatures (others)
  An ugly thing zombie (D:13)
  2 hydra zombies (D:13)
  2 slime creature zombies
  A spectral orange demon (D:11)
  2 two-headed ogre zombies
  Duvessa (D:6)
  An elf zombie (D:13)
  A cyclops zombie (D:13)
  A troll zombie (D:13)
  A demonspawn zombie (D:11)
  2 yak zombies
  2 centaur zombies
  3 killer bee zombies
  A human zombie (D:9)
  An acid dragon zombie (D:10)
  A hound zombie (D:5)
  An orc (D:10)
  2 gnoll zombies (D:8)
  7 kobold zombies
  3 orc zombies
  A butterfly (D:4)
37 creatures vanquished.

Grand Total: 443 creatures vanquished

Notes
Turn   | Place    | Note
-------+----------+-------------------------------------------
     0 | D:1      | NotreDorf the Merfolk Alchemist began the quest for the
                  | Orb.
     0 | D:1      | Reached XP level 1. HP: 13/13 MP: 3/3
   103 | D:1      | Reached XP level 2. HP: 17/19 MP: 0/5
   291 | D:1      | Reached skill level 1 in Polearms
   698 | D:1      | Reached XP level 3. HP: 24/24 MP: 4/6
  1093 | D:1      | Learned a level 2 spell: Mercury Vapours
  1097 | D:1      | Learned a level 3 spell: Mephitic Cloud
  1564 | D:3      | Noticed Robin
  1648 | D:2      | Reached XP level 4. HP: 13/30 MP: 0/7
  1735 | D:3      | Killed Robin
  2036 | D:3      | Found a glowing drain.
  2061 | Sewer    | Entered a sewer
  2129 | Sewer    | Noticed Pargi
  2137 | Sewer    | Reached XP level 5. HP: 35/35 MP: 3/9
  2140 | Sewer    | Reached skill level 1 in Short Blades
  2167 | Sewer    | Killed Pargi
  2168 | Sewer    | Reached skill level 5 in Alchemy
  2368 | Sewer    | Reached XP level 6. HP: 30/41 MP: 3/10
  3036 | D:4      | Found a white marble altar of Elyvilon.
  3067 | D:4      | Noticed a steam dragon
  3073 | D:4      | Noticed a black bear
  3099 | D:4      | Killed a steam dragon
  3100 | D:4      | Reached XP level 7. HP: 30/46 MP: 1/12
  3250 | D:4      | Reached skill level 5 in Dodging
  3273 | D:4      | Reached skill level 6 in Alchemy
  3491 | D:4      | Reached skill level 5 in Stealth
  3501 | D:4      | Reached XP level 8. HP: 52/52 MP: 5/14
  3897 | D:4      | Found a staircase to the Ecumenical Temple.
  3906 | Temple   | Entered the Ecumenical Temple
  3946 | Temple   | Became a worshipper of Yredelemnul the Dark
  4027 | D:4      | Identified the ring "Niskoil" {rElec MP+9}
  4619 | D:5      | Entered Level 5 of the Dungeon
  4668 | D:5      | Reached skill level 7 in Alchemy
  4944 | D:5      | Identified the +2 robe "Bakhour" {rF+ rC+ rN+ Regen+}
  5010 | D:5      | Found a runed translucent door.
  5012 | D:5      | Found a runed translucent door.
  5025 | D:5      | Found a broken altar of Ashenzari.
  5115 | D:5      | Identified the +5 mace of the Scorpion {flame, rC+}
  5332 | D:5      | Reached * piety under Yredelemnul
  5332 | D:5      | Reached skill level 5 in Spellcasting
  5332 | D:5      | Reached XP level 9. HP: 39/57 MP: 16/16
  5423 | D:5      | Found a shadowy altar of Dithmenos.
  5664 | D:6      | Noticed Eustachio
  5684 | D:6      | Killed Eustachio
  5804 | D:6      | Reached skill level 8 in Alchemy
  5814 | D:6      | Found a sand-covered staircase.
  5822 | Ossuary  | Entered an ossuary
  5892 | Ossuary  | Reached skill level 5 in Polearms
  6489 | D:6      | Noticed Pikel
  6506 | D:6      | Killed Pikel
  6506 | D:6      | Reached ** piety under Yredelemnul
  6507 | D:6      | Reached skill level 9 in Alchemy
  6507 | D:6      | Reached XP level 10. HP: 60/63 MP: 19/19
  6522 | D:6      | Noticed Duvessa
  6522 | D:6      | Noticed Dowan
  6533 | D:6      | Killed Dowan
  6540 | D:6      | Killed Duvessa
  6690 | D:6      | Learned a level 4 spell: Olgreb's Toxic Radiance
  6695 | D:6      | Learned a level 4 spell: Sticky Flame
  6957 | D:7      | Found a radiant altar of Vehumet.
  7521 | D:7      | Found a flagged portal.
  7792 | D:8      | Noticed a two-headed ogre
  7938 | D:8      | Killed a two-headed ogre
  7939 | D:8      | Reached skill level 10 in Alchemy
  8007 | D:8      | Noticed a tengu warrior
  8042 | D:8      | Killed a tengu warrior
  8139 | D:8      | Noticed a two-headed ogre
  8148 | D:8      | Killed a two-headed ogre
  8149 | D:8      | Reached skill level 10 in Dodging
  8149 | D:8      | Reached skill level 1 in Shields
  8149 | D:8      | Reached XP level 11. HP: 60/68 MP: 21/21
  8445 | D:8      | Found Vucsir Luime's Distillery.
  8450 | D:8      | Bought a potion of haste for 110 gold pieces
  8450 | D:8      | Bought a potion of heal wounds for 55 gold pieces
  8788 | D:8      | Found a hazy altar of Hepliaklqana.
  8789 | D:8      | Found a shimmering altar of Xom.
  8949 | D:9      | Noticed Maggie
  8963 | D:9      | Killed Maggie
  9035 | D:9      | Found a hide-covered altar of Uskayaw.
  9036 | D:9      | Found an opulent altar of Gozag.
  9113 | D:9      | Reached skill level 11 in Alchemy
  9170 | D:9      | Found an iron altar of Okawaru.
  9274 | D:9      | Noticed Gastronok
  9275 | D:9      | Noticed Erica
  9284 | D:9      | Your ally Maggie died
  9294 | D:9      | Killed Erica
  9322 | D:9      | Reached *** piety under Yredelemnul
  9324 | D:9      | Killed Gastronok
  9325 | D:9      | Reached **** piety under Yredelemnul
  9325 | D:9      | Reached ***** piety under Yredelemnul
  9415 | D:9      | Found a sparkling altar of Nemelex Xobeh.
  9415 | D:9      | Found a transporter.
  9415 | D:9      | Noticed a centaur warrior
  9416 | D:9      | Noticed a red ugly thing
  9560 | D:10     | Entered Level 10 of the Dungeon
 10449 | D:10     | Reached XP level 12. HP: 74/74 MP: 24/24
 10520 | D:11     | Reached skill level 10 in Polearms
 10581 | D:11     | Found a runed translucent gate.
 10582 | D:11     | Found a runed translucent gate.
 10587 | D:11     | Found a staircase to the Lair.
 10651 | D:11     | Reached skill level 12 in Alchemy
 10674 | D:11     | Found a runed translucent gate.
 10676 | D:11     | Noticed a minotaur
 10678 | D:11     | Noticed jimmypageman's ghost (journeyman MiFi)
 10724 | D:11     | Noticed Harold
 10726 | D:11     | You fall into a shaft and drop 1 floor!
 10726 | D:12     | Found a hide-covered altar of Uskayaw.
 10794 | D:11     | Noticed a two-headed ogre
 10809 | D:11     | Killed a two-headed ogre
 10896 | D:11     | Reached skill level 5 in Shields
 11138 | D:11     | Noticed a two-headed ogre
 11147 | D:11     | Killed a two-headed ogre
 11169 | D:11     | Noticed Amaemon
 11189 | D:11     | Killed Amaemon
 11208 | D:11     | Your ally Amaemon died
 11208 | D:11     | Killed Harold
 11870 | D:12     | Identified the +3 leather armour of Negation {Rampage rF+
                  | Regen+}
 11878 | D:12     | Found a staircase to the Orcish Mines.
 12102 | D:12     | Reached skill level 13 in Alchemy
 12279 | D:12     | Reached XP level 13. HP: 54/79 MP: 26/26
 12472 | D:13     | Found Itwar's Antique Weapon Shoppe.
 12487 | D:13     | Bought a masterwork spear for 128 gold pieces
 12487 | D:13     | Identified the +2 spear "Toitwama" {spect, Int+3} (You
                  | bought it in a shop on level 13 of the Dungeon)
 12487 | D:13     | Bought a bloodstained glaive for 184 gold pieces
 12487 | D:13     | Identified the +5 glaive "Izamp" {spect, rCorr Str-5 Dex+6
                  | SInv} (You bought it in a shop on level 13 of the Dungeon)
 12607 | D:13     | HP: 3/79 [boulder beetle (17)]
 12817 | D:13     | Identified the +4 arbalest of Starshine {heavy, rElec rF+
                  | rC+ rCorr}
 12851 | D:13     | Identified the +6 dagger of Ulu Ruegra {protect, ^Drain
                  | rElec rN+}
 13453 | D:13     | Identified the staff "Kirustis" {*Corrode rPois rF++ rN+
                  | Will+ Necro}
 13528 | D:13     | Identified the +1 plate armour of Wehocesm {Int+4 Stlth+}
 13590 | D:13     | Reached skill level 14 in Alchemy
 13750 | D:14     | Noticed Jorgrun
 13795 | D:13     | Reached skill level 10 in Spellcasting
 13918 | D:14     | HP: 1/62 [vampire mosquito (7)]
 13919 | D:14     | Slain by a vampire mosquito

Illustrated notes

Levels and vault maps discovered:
D:1:      minmay_arrival_solitary_statue, layout_basic, minmay_box_of_dots
D:2:      layout_rooms
D:3:      layout_basic, portal_sewer_entry_f, chequers_serial_rivers_room_b,
          uniq_robin
D:4:      layout_basic, nicolae_elyvilon_peaceful_grove,
          minmay_temple_entry_junction, minmay_diced_spiral
D:5:      lemuel_insect_pit, layout_basic, mainiacjoe_overflow_six_doors_small,
          lemuel_tele_altar
D:6:      layout_rooms, nicolae_ossuary_entry_giza, nicolae_hexahallways,
          hangedman_abyss_or_decor_stagger, uniq_eustachio, uniq_pikel,
          uniq_duvessa
D:7:      layout_basic, vehumet_crystals, enter_bailey_3
D:8:      minmay_ornate_pinched, layout_cave_pods,
          regret_index_temple_of_mockery, serial_shops, kennysheep_little_box
D:9:      layout_cave_pools, grunt_nemelex_the_gamble,
          nicolae_overflow_hidden_temple, uniq_maggie, uniq_gastronok,
          uniq_erica
D:10:     layout_basic, grunt_decor_mini_mirrors
D:11:     layout_long_grid, erik_lair_orcish_takeover,
          maelrawn_ghost_gauntlet_escape, uniq_amaemon, uniq_harold
D:12:     layout_roguey, zombieorc1_lemuel,
          nicolae_uskayaw_murder_on_the_dancefloor
D:13:     minmay_the_grid_triangle_9x9_rhombus_thin
          [minmay_the_grid_triangle_9x9_odd_lines,
          minmay_the_grid_triangle_9x9_prize_schism,
          minmay_the_grid_triangle_9x9_thin_v,
          minmay_the_grid_triangle_9x9_intruding_spiral], layout_loops_ring,
          david_vaults_4, serial_shops, nicolae_shop_advertising_works
          [nicolae_subvault_shop_adworks], lemuel_old_faithful
D:14:     layout_rooms, serial_shops, freezing_bzr, minmay_statues_item,
          uniq_jorgrun
Temple:   nicolae_temple_x_marks_the_god

Skill      XL: |  1  2  3  4  5  6  7  8  9 10 11 12 13 |
---------------+----------------------------------------+-----
Dodging        | 3 4 5 7 8 10 11 12 13 | 13.7
Polearms       | 1 2 4 6 8 9 11 12 | 12.7
Stealth        | 3 4 5 6 7 9 |  9.0
Short Blades   | 2 3 4 |  4.1
Spellcasting   | 3 4 5 6 7 8 9 10 | 10.0
Alchemy        | 5 6 7 9 10 11 13 14 | 14.1
Shields        | 1 4 6 7 |  7.6
Conjurations   | |  0.7

Action                     |  1- 3 |  4- 6 |  7- 9 | 10-12 | 13-15 || total
---------------------------+-------+-------+-------+-------+-------++-------
  Melee: Unarmed           |     9 |       |       |       |       ||     9
         Short sword       |    34 |     5 |       |       |       ||    39
         Dagger            |       |    49 |    63 |       |    41 ||   153
         Tailslap          |       |     1 |       |     7 |       ||     8
         Punch             |       |       |     8 |     1 |       ||     9
         Halberd           |       |       |    68 |       |       ||    68
         Mace              |       |       |   259 |   207 |     6 ||   472
         Trident           |       |       |       |   356 |   136 ||   492
         Glaive            |       |       |       |       |    22 ||    22
         Staff             |       |       |       |       |    19 ||    19
   Cast: Sting             |    51 |    58 |    83 |    93 |     1 ||   286
         Mephitic Cloud    |     2 |     4 |     7 |    59 |    17 ||    89
         Mercury Vapours   |       |       |     1 |     1 |       ||     2
         Sticky Flame      |       |       |       |     7 |     7 ||    14
         Olgreb's Toxic Ra |       |       |       |     4 |     1 ||     5
 Invoke: Recall Undead Har |       |       |       |     1 |       ||     1
  Evoke: Wand              |       |       |       |       |     6 ||     6
    Use: Scroll            |       |    13 |     7 |    10 |     4 ||    34
         Potion            |       |       |     1 |     2 |     5 ||     8
   Stab: Sleeping          |     1 |       |     6 |     3 |     1 ||    11
         Confused          |       |     2 |     6 |    30 |    15 ||    53
         Distracted        |       |       |     1 |     2 |     3 ||     6
 Armour: Robe              |    42 |    16 |   145 |   352 |   157 ||   712
         Troll leather arm |       |    29 |    83 |       |       ||   112
  Dodge: Dodged            |    60 |    52 |   256 |   357 |   121 ||   846
  Block: Kite shield       |       |       |       |   226 |   131 ||   357
